 Dungeon Crawl Stone Soup version 0.26.0-10-g1f06aea511 (webtiles) character file.

Game seed: 18140060555651021355

693 gruber the Covert (level 7, -1/41 HPs)
             Began as an Octopode Venom Mage on Jan 14, 2021.
             Was an Initiate of Gozag.
             Slain by a killer bee zombie (3 damage)
             ... on level 5 of the Dungeon.
             The game lasted 00:09:50 (6130 turns).

gruber the Covert (Octopode Venom Mage)             Turns: 6130, Time: 00:09:51

Health: -1/41      AC:  1    Str:  8    XL:     7   Next: 64%
Magic:  10/10      EV: 13    Int: 19    God:    Gozag
Gold:   397        SH:  0    Dex: 12    Spells: 3/10 levels left

rFire    . . .     SeeInvis .   j - +1 dagger (elec)
rCold    . . .     Faith    .   (no shield)
rNeg     + . .     Spirit   .   (helmet restricted)
rPois    .         Reflect  .   (no amulet)
rElec    .         Harm     .   k - ring of positive energy
rCorr    .         Rampage  .   (no ring)
Will     .....                  (no ring)
Stlth    +++++.....             (no ring)
HPRegen  0.13/turn              (no ring)
MPRegen  0.12/turn              (no ring)
                                (no ring)
                                (no ring)

@: no status effects
A: almost no armour, stealthy swim, amphibious, 8 rings, constrict 8, camouflage
1, gelatinous body 1
a: Renounce Religion, Potion Petition, Call Merchant, Bribe Branch


You were on level 5 of the Dungeon.
You worshipped Gozag.
Gozag was aware of your devotion.
You visited 2 branches of the dungeon, and saw 6 of its levels.

You collected 493 gold pieces.
You paid 96 gold pieces to Gozag.

Inventory:

Hand Weapons
 j - a +1 dagger of electrocution (weapon)
Missiles
 w - 9 javelins
Jewellery
 k - a ring of positive energy (left tentacle)
Wands
 u - a wand of acid (3)
Scrolls
 c - 2 scrolls of amnesia {unknown}
 d - 2 scrolls of fear {unknown}
 e - a scroll of enchant armour {unknown}
 h - 3 scrolls of teleportation {unknown}
 l - 3 scrolls of identify {unknown}
 o - 2 scrolls of blinking {unknown}
 p - 2 scrolls of noise {unknown}
 r - 2 scrolls of immolation {unknown}
 s - a scroll of random uselessness {unknown}
 t - 3 scrolls of remove curse {unknown}
 v - a scroll of magic mapping {unknown}
Potions
 a - a potion of invisibility {unknown}
 b - a potion of resistance {unknown}
 f - 3 potions of lignification {unknown}
 g - 3 potions of might {unknown}
 i - a potion of degeneration {unknown}
 m - a potion of ambrosia {unknown}
 n - a potion of mutation {unknown}
 q - 2 potions of curing {unknown}


   Skills:
 - Level 0.2 Short Blades
 - Level 0.3 Slings
 - Level 2.0 Dodging
 - Level 9.1 Stealth
 - Level 2.0 Spellcasting
 - Level 1.0 Transmutations
 - Level 2.0 Fire Magic
 - Level 0.4 Earth Magic
 * Level 6.5 Poison Magic


You had 3 spell levels left.
You knew the following spells:

 Your Spells              Type           Power        Failure   Level
a - Sting                 Tmut/Pois      64%          3%          1
b - Ignite Poison         Fire/Tmut/Pois 14%          14%         3
c - Mephitic Cloud        Conj/Pois/Air  10%          21%         3

Your spell library contained the following spells:

 Spells                   Type           Power        Failure   Level
 Poisonous Vapours        Pois/Air       28%          7%          2
 Olgreb's Toxic Radiance  Pois           26%          11%         4


Dungeon Overview and Level Annotations

Branches:
Dungeon (5/15)             Temple (1/1) D:4

Altars:
Dithmenos
Gozag
Kikubaaqudgha
Nemelex Xobeh
Okawaru
Sif Muna
Uskayaw
Vehumet
Wu Jian
Xom
Zin
The Shining One
Jiyva

Shops:
D:4 }

Annotations:
D:3 3 runed translucent doors, emiel's ghost, amateur DsWn


Innate Abilities, Weirdness & Mutations

You cannot wear most types of armour.
You are very stealthy in the water. (Stealth+)
You are amphibious.
You can wear up to eight rings at the same time.
You can use your tentacles to constrict eight enemies at once.
Your skin changes colour to match your surroundings (Stealth+).
Your rubbery body absorbs attacks. (AC +1, EV +1)


Message History

The killer bee zombie barely misses you.
The killer bee zombie hits you!
You are too injured to fight recklessly!
You are too injured to fight recklessly!
You are too injured to fight recklessly!
You hit the killer bee zombie.
The killer bee zombie is moderately damaged.
You constrict the killer bee zombie. The killer bee zombie hits you. x2
* * * LOW HITPOINT WARNING * * *
You barely miss the killer bee zombie.
The killer bee zombie is moderately damaged.
You constrict the killer bee zombie.
The killer bee zombie barely misses you.
The killer bee zombie hits you.
* * * LOW HITPOINT WARNING * * *
You hit the killer bee zombie.
The killer bee zombie is heavily damaged.
You constrict the killer bee zombie. The killer bee zombie hits you.
You die...
Your body crumbles into a pile of gold.

#.# ####### #.#
#...... #.### #..####
#.#.###..####
#..#.........
#.#.###..##..
######.#.###......
#^................
#@##########.###..
#Z# ##§§.##.. #o#
###§#§#.#§. ####o#
#.§§§_.§... #....#
#.#§#§#§#.. #.####
##.##.§§##.. #.#
#....#§#..§.
#.########.####.#....
#.......... #.#.#..


You could see an orc warrior, an orc and a killer bee zombie.

Vanquished Creatures
  Sigmund (D:3)
  A howler monkey (D:4)
  A hound (Temple)
  3 orc priests (D:4)
  An iguana (D:4)
  3 orc wizards
  2 worker ants
  A hound zombie (D:5)
  A hound skeleton (D:4)
  A howler monkey zombie (D:5)
  8 adders
  A white imp (D:5)
  An adder zombie (D:5)
  An adder skeleton (D:4)
  3 worms
  3 dart slugs
  5 leopard geckos
  6 orcs
  4 giant cockroaches
  10 goblins
  8 hobgoblins
  4 jackals (D:5)
  2 quokkas (D:5)
  4 bats
  2 frilled lizards
  6 kobolds
  A quokka skeleton (D:4)
  5 rats
89 creatures vanquished.

Vanquished Creatures (others)
  A worker ant (D:5)
1 creature vanquished.

Grand Total: 90 creatures vanquished

Notes
Turn   | Place    | Note
-------+----------+-------------------------------------------
     0 | D:1      | gruber the Octopode Venom Mage began the quest for the Orb.
     0 | D:1      | Reached XP level 1. HP: 11/11 MP: 3/3
   249 | D:1      | Reached XP level 2. HP: 16/17 MP: 5/5
   413 | D:1      | Reached skill level 3 in Stealth
   471 | D:1      | You fall into a shaft and drop 1 floor!
   561 | D:2      | Reached XP level 3. HP: 21/21 MP: 6/6
   686 | D:2      | Reached skill level 4 in Stealth
  1503 | D:1      | Reached skill level 5 in Stealth
  1515 | D:1      | Reached XP level 4. HP: 20/27 MP: 7/7
  2469 | D:3      | Found a runed translucent gate.
  2469 | D:3      | Found a runed translucent gate.
  2469 | D:3      | Found a runed translucent gate.
  2472 | D:3      | Noticed emiel's ghost (amateur DsWn)
  2642 | D:3      | Reached skill level 6 in Stealth
  2716 | D:3      | Noticed Sigmund
  2762 | D:4      | Found Xeot's Gadget Emporium.
  2765 | D:4      | Reached XP level 5. HP: 31/31 MP: 8/8
  2963 | D:3      | Killed Sigmund
  2964 | D:3      | Reached skill level 8 in Stealth
  2964 | D:3      | Reached XP level 6. HP: 9/36 MP: 9/9
  3429 | D:3      | Found a hide-covered altar of Uskayaw.
  3546 | D:4      | Reached skill level 9 in Stealth
  3650 | D:4      | Learned a level 3 spell: Ignite Poison
  3654 | D:4      | Learned a level 3 spell: Mephitic Cloud
  3741 | D:4      | HP: 1/36 [orc wizard/+0 dagger (3)]
  3743 | D:4      | Reached skill level 5 in Poison Magic
  4053 | D:4      | Found a sparkling altar of Nemelex Xobeh.
  4077 | D:4      | Reached XP level 7. HP: 41/41 MP: 6/10
  4269 | D:4      | Found a staircase to the Ecumenical Temple.
  4280 | Temple   | Entered the Ecumenical Temple
  4419 | Temple   | Became a worshipper of Gozag Ym Sagoz the Greedy
  5380 | D:4      | Reached skill level 1 in Fire Magic
  5643 | D:5      | Entered Level 5 of the Dungeon
  6043 | D:5      | Found a shadowy altar of Dithmenos.
  6129 | D:5      | HP: 2/41 [killer bee zombie (5)]
  6130 | D:5      | Slain by a killer bee zombie

Illustrated notes

Levels and vault maps discovered:
D:1:      minmay_arrival_stone_box, layout_rooms
D:2:      layout_basic, minmay_goblin_outpost
D:3:      layout_rooms, lemuel_round_altar, ebering_ghost_rock_garden,
          uniq_sigmund
D:4:      layout_cave_pools, lemuel_crystal_altar, minmay_temple_entry_grid,
          serial_shops, nicolae_shop_stone
D:5:      layout_loops_ring, grunt_dithmenos_smoke_and_mirrors,
          grunt_qazlal_clouds, uniq_blork_the_orc, uniq_edmund
Temple:   pf_slime_end_temple

Skill      XL: |  1  2  3  4  5  6  7 |
---------------+----------------------+-----
Poison Magic   | 4 5 6 |  6.5
Stealth        | 3 5 6 8 9 |  9.1
Fire Magic     | 2 |  2.0
Short Blades   | |  0.2
Slings         | |  0.3
Dodging        | |  2.0
Spellcasting   | |  2.0
Transmutations | |  1.0
Earth Magic    | |  0.4

Action                   |  1- 3 |  4- 6 |  7- 9 || total
-------------------------+-------+-------+-------++-------
Melee: Unarmed           |    48 |       |       ||    48
       Constrict         |    17 |     3 |     9 ||    29
       Tentacles         |    12 |     2 |     3 ||    17
       Quarterstaff      |    23 |    24 |       ||    47
       Whip              |       |     2 |     2 ||     4
       Dagger            |       |       |    41 ||    41
Throw: Javelin           |       |    10 |       ||    10
 Cast: Sting             |    21 |    39 |    27 ||    87
       Ignite Poison     |       |       |     4 ||     4
Evoke: Wand              |       |     7 |       ||     7
 Stab: Sleeping          |     9 |     6 |     8 ||    23
       Distracted        |       |       |     1 ||     1
Armor: Skin              |     9 |     3 |     5 ||    17
Dodge: Dodged            |    70 |    38 |    47 ||   155
